 Dungeon Crawl Stone Soup version 0.19.1-1-g22dce08 (webtiles) character file.

126 terep12 the Slasher (level 4, -1/60 HPs)
             Began as a Minotaur Berserker on Dec 28, 2016.
             Was a Believer of Trog.
             Slain by a gnoll
             ... wielding a +1 spear of freezing
              (2 damage)
             ... on level 3 of the Dungeon.
             The game lasted 00:05:30 (2281 turns).

terep12 the Slasher (Minotaur Berserker)            Turns: 2281, Time: 00:05:31

Health: -1/60      AC:  5    Str: 28    XL:     4   Next: 84%
Magic:  3/3        EV: 11    Int:  4    God:    Trog [**....]
Gold:   102        SH:  0    Dex:  9    Spells: 0 memorised, 3 levels left

rFire  . . .     SeeInvis .     a - +0 falchion
rCold  . . .     Gourm    .     j - +0 ring mail
rNeg   . . .     Faith    .     (no shield)
rPois  .         Spirit   .     (helmet restricted)
rElec  .         Reflect  .     (no cloak)
rCorr  .         Harm     .     (no gloves)
MR     .....                    (no boots)
Stlth  ..........               (no amulet)
                                (no ring)
                                (no ring)

@: berserking, very quick
A: retaliatory headbutt, horns 2
a: Berserk, Trog's Hand, Burn Spellbooks, Renounce Religion


You were on level 3 of the Dungeon.
You worshipped Trog.
Trog was pleased with you.
You were very hungry.

You visited 1 branch of the dungeon, and saw 3 of its levels.

You collected 102 gold pieces.

Inventory:

Hand Weapons
 a - a +0 falchion (weapon)
Missiles
 r - 8 javelins (quivered)
Armour
 b - a +0 animal skin
 e - a +0 leather armour
 j - a +0 ring mail (worn)
Scrolls
 f - a scroll of recharging {unknown}
 g - a scroll of fear {unknown}
 i - 2 scrolls of amnesia {unknown}
 l - a scroll of magic mapping {unknown}
 m - a scroll of identify {unknown}
 o - a scroll of blinking {unknown}
 p - a scroll of teleportation {unknown}
Potions
 k - a potion of brilliance {unknown}
 n - a potion of haste {unknown}
 q - a potion of lignification {unknown}
Comestibles
 c - 3 bread rations
 d - 5 meat rations
 h - a slice of pizza


   Skills:
 - Level 3.8 Fighting
 + Level 6.6 Long Blades
 - Level 2.5 Armour
 - Level 2.1 Dodging


You had 3 spell levels left.
You didn't know any spells.

Dungeon Overview and Level Annotations

Branches:
Dungeon (3/15)

Altars:
Makhleb
Yredelemnul


Innate Abilities, Weirdness & Mutations

You reflexively headbutt those who attack you in melee.
You have a pair of horns on your head.


Message History

You barely miss the gnoll. The gnoll hits you with a spear.
* * * LOW HITPOINT WARNING * * *
You closely miss the gnoll. You headbutt the gnoll.
The gnoll is lightly wounded.
The gnoll barely misses you.
Your ring mail prevents you from hitting the gnoll.
The gnoll is lightly wounded.
The gnoll barely misses you.
The gnoll hits you from afar with a spear of freezing.
* * * LOW HITPOINT WARNING * * *
The gnoll freezes you.
* * * LOW HITPOINT WARNING * * *
You barely miss the gnoll.
The gnoll is lightly wounded.
The gnoll hits you but does no damage.
You slash the gnoll!
You kill the gnoll!
Trog accepts your kill.
The gnoll hits you from afar with a spear of freezing.
You die...

#..............#
#..............#
#...#.########## ###
##########...#.# #..
#............#.# #..
###.#######..#.# #######
#.. #.# #.....#.# #.....#
### #.# #.##.##.# #.....#
#.# ##.##..#@# #.....#
#### #.# #[.....#)#
#.....# #... #####.#
########g###.....#####...
#.....#
........................
##.####
........................
#.#
##......###.....#####...
#.# #..(g..# #.....# #...
#.# #......# #.....#
###... #.# ####......#
#.....# #.....


You could see 2 gnolls.

Vanquished Creatures
  3 adders
  A gnoll (D:3)
  2 oozes (D:1)
  An adder skeleton (D:3)
  2 dart slugs
  4 leopard geckos (D:1)
  3 orcs (D:3)
  2 giant cockroaches
  10 goblins
  7 hobgoblins
  4 jackals (D:2)
  2 ball pythons
  5 bats
  6 frilled lizards
  9 kobolds
  5 rats
66 creatures vanquished.

Notes
Turn   | Place    | Note
-------+----------+-------------------------------------------
     0 | D:1      | terep12 the Minotaur Berserker began the quest for the Orb.
     0 | D:1      | Reached XP level 1. HP: 19/19 MP: 0/0
    44 | D:1      | Found a basalt altar of Yredelemnul.
    87 | D:1      | Reached skill level 4 in Long Blades
   276 | D:1      | Reached XP level 2. HP: 22/27 MP: 1/1
   472 | D:1      | Reached skill level 5 in Long Blades
   472 | D:1      | Reached XP level 3. HP: 26/33 MP: 2/2
  1139 | D:2      | Reached ** piety under Trog
  1316 | D:2      | Reached XP level 4. HP: 38/40 MP: 3/3
  1497 | D:2      | Found a burning altar of Makhleb.
  1797 | D:3      | Reached skill level 6 in Long Blades
  2279 | D:3      | HP: 1/60 [gnoll/spear of freezing (3)]
  2281 | D:3      | Slain by a gnoll

Skill      XL: |  1  2  3  4 |
---------------+-------------+-----
Long Blades    | 4 5 6 |  6.6
Fighting       | |  3.8
Armour         | |  2.5
Dodging        | |  2.1

Action                   |  1- 3 |  4- 6 || total
-------------------------+-------+-------++-------
Melee: Falchion          |    89 |    55 ||   144
       Headbutt          |     7 |    10 ||    17
Invok: Berserk           |       |     1 ||     1
  Eat: Chunk             |     1 |     3 ||     4
Armor: Animal skin       |     3 |       ||     3
       Leather armour    |    12 |       ||    12
       Ring mail         |    10 |    16 ||    26
Dodge: Dodged            |    58 |    29 ||    87
       Rpst.: Falchion   |    10 |     8 ||    18
